 Dungeon Crawl Stone Soup version 0.22.0 (webtiles) character file.

386 Gorglomux the Shield-Bearer (level 6, -5/40 HPs)
             Began as a Gargoyle Fighter on Aug 10, 2018.
             Slain by a gnoll
             ... wielding a +0 halberd
              (9 damage)
             ... on level 4 of the Dungeon.
             The game lasted 00:01:48 (1973 turns).

Gorglomux the Shield-Bearer (Gargoyle Fighter)      Turns: 1973, Time: 00:01:49

Health: -5/40      AC: 16    Str: 22    XL:     6   Next: 78%
Magic:  6/6        EV:  6    Int:  8    God:
Gold:   141        SH: 15    Dex:  9    Spells: 5/5 levels left

rFire    . . .     SeeInvis .   a - +0 war axe
rCold    . . .     Gourm    .   c - +0 shield
rNeg     + . .     Faith    .   W - +0 chain mail
rPois    ∞         Spirit   .   (no helmet)
rElec    +         Reflect  +   (no cloak)
rCorr    .         Harm     .   (no gloves)
MR       .....                  (no boots)
Stlth    ..........             g - +5 amulet of reflection
HPRegen  0.13/turn              V - +2 ring of protection
MPRegen  0.10/turn              (no ring)

@: no status effects
A: negative energy resistance 1, electricity resistance, unbreathing,
petrification resistance, rot immunity, AC +4
a: no special abilities


You were on level 4 of the Dungeon.
You were not hungry.

You visited 1 branch of the dungeon, and saw 4 of its levels.

You collected 141 gold pieces.

Inventory:

Hand Weapons
 a - a +0 war axe (weapon)
Missiles
 Z - a throwing net (quivered)
Armour
 b - a +0 scale mail
 c - a +0 shield (worn)
 W - a +0 chain mail (worn)
Jewellery
 g - a +5 amulet of reflection (around neck)
 V - a +2 ring of protection (left hand)
Scrolls
 i - 3 scrolls of remove curse {unknown}
 j - 4 scrolls of identify {unknown}
 k - a scroll of enchant weapon {unknown}
 X - a scroll of blinking {unknown}
 Y - a scroll of teleportation {unknown}
Potions
 d - a potion of might
 U - a potion of agility {unknown}
Comestibles
 f - 5 rations
 T - 3 chunks of flesh


   Skills:
 + Level 4.9 Fighting
 + Level 3.4 Axes
 + Level 4.9 Armour
 + Level 4.9 Shields


You had 5 spell levels left.
You didn't know any spells.
Your spell library was empty.

Dungeon Overview and Level Annotations

Branches:
Dungeon (4/15)
 Temple: D:4-7

Altars:
Qazlal
Yredelemnul


Innate Abilities, Weirdness & Mutations

You are resistant to torment.
Your stone body is resilient. (AC +4)
You are immune to poison.
You resist negative energy. (rN+)
You are resistant to electric shocks. (rElec)
You can survive without breathing.
You are immune to petrification.
You are immune to rotting.


Message History

The gnoll is almost dead!
You block the gnoll's attack!
Unknown command!
You closely miss the gnoll!
The gnoll is almost dead!
You butt the gnoll's attack!
You closely miss the gnoll!
The gnoll is almost dead!
The gnoll hits you with a halberd!!! * * * don't die
* * * The gnoll barely misses you!
You open the gnoll like a pillowcase!
The gnoll is almost dead!
The gnoll completely misses butt!
You butt too injured to fight recklessly!!!
Butt are too injured to fight recklessly!!!
Your shield prevents you from hitting the gnoll!
The gnoll is almost dead!
The gnoll hits you with a halberd!!! rip

#.#.#.#.#
#.#...#.####..##
#.##......#.%...
##.#...##......
##...## ##...#
##...# #...###
#...# #.....
#...####g>.#
#.......)@.#####.
#.#.####.........
#..#.......#####.
###.#####...# #.#
###.# #.# .# #.#
.# #.. .. ### .


You could see a gnoll.

Vanquished Creatures
  A phantom (D:4)
  2 hounds (D:4)
  An orc priest (D:4)
  2 hound skeletons (D:4)
  3 gnolls (D:4)
  7 adders
  An ooze (D:1)
  A worm (D:4)
  A dart slug (D:3)
  3 leopard geckos
  11 orcs
  5 giant cockroaches
  4 hobgoblins
  13 jackals
  2 quokkas
  2 ball pythons
  4 bats
  2 frilled lizards
  2 goblins (D:1)
  4 kobolds
  A quokka skeleton (D:4)
  4 rats
  A spectral orc (D:4)
77 creatures vanquished.

Notes
Turn   | Place    | Note
-------+----------+-------------------------------------------
     0 | D:1      | Gorglomux the Gargoyle Fighter began the quest for the Orb.
     0 | D:1      | Reached XP level 1. HP: 14/14 MP: 1/1
    54 | D:1      | Reached XP level 2. HP: 18/19 MP: 2/2
   152 | D:1      | Reached XP level 3. HP: 23/23 MP: 3/3
   439 | D:2      | Reached XP level 4. HP: 29/29 MP: 4/4
   742 | D:3      | Noticed an ogre
  1103 | D:4      | Found a stormy altar of Qazlal.
  1168 | D:4      | Reached XP level 5. HP: 30/33 MP: 5/5
  1184 | D:4      | Noticed a fire elemental
  1191 | D:4      | Noticed an air elemental
  1191 | D:4      | Noticed a water elemental
  1276 | D:4      | Reached skill level 3 in Axes
  1276 | D:4      | HP: 1/34 [orc/tomahawk (5)]
  1571 | D:4      | Noticed a phantom
  1597 | D:4      | Killed a phantom
  1597 | D:4      | Reached XP level 6. HP: 20/39 MP: 6/6
  1859 | D:4      | Found a basalt altar of Yredelemnul.
  1973 | D:4      | Slain by a gnoll

Skill      XL: |  1  2  3  4  5 |
---------------+----------------+-----
Axes           | 2 3 |  3.4
Fighting       | 4 |  4.9
Shields        | 4 |  4.9
Armour         | 4 |  4.9

Action                   |  1- 3 |  4- 6 || total
-------------------------+-------+-------++-------
Melee: War axe           |    83 |   188 ||   271
  Eat: Chunk             |       |     4 ||     4
Armor: Scale mail        |    47 |    76 ||   123
       Chain mail        |       |    43 ||    43
Dodge: Dodged            |    30 |    59 ||    89
Block: Shield            |    89 |   213 ||   302
       Reflection        |       |     2 ||     2
